 Dungeon Crawl Stone Soup version 0.31-a0-705-ga145531891 (webtiles) character file.

Game seed: 5053286701713171044

60 zazu2006 the Covered (level 4, -3/32 HPs)
             Began as a Gnoll Wanderer on Sept 10, 2023.
             Slain by a gnoll
             ... wielding a +2 flail of protection
              (13 damage)
             ... on level 2 of the Dungeon.
             The game lasted 00:01:52 (875 turns).

zazu2006 the Covered (Gnoll Wanderer)                Turns: 875, Time: 00:01:53

Health: -3/32      AC:  7    Str: 14    XL:     4   Next: 4%
Magic:  8/8        EV: 10    Int: 13    God:
Gold:   82         SH:  0    Dex:  9    Spells: 7/8 levels left

rFire   . . .        a - +2 hand axe
rCold   . . .        (no shield)
rNeg    . . .        b - +0 scale mail
rPois   .            (no helmet)
rElec   .            (no cloak)
rCorr   .            (no gloves)
SInv    .            (no boots)
Will    .....        (no amulet) Stlth
                     (no ring)
HPRegen 0.25/turn    (no ring)
MPRegen 0.11/turn

%: no passive effects
@: attractive
A: fangs 1, strong nose, distributed training
a: no special abilities


You were on level 2 of the Dungeon.
You visited 1 branch of the dungeon, and saw 2 of its levels.

You collected 82 gold pieces.

Inventory:

Hand Weapons
 a - a +2 hand axe (weapon)
Armour
 b - a +0 scale mail (worn)
Scrolls
 c - 2 scrolls of fog
 f - 3 scrolls of identify {unknown}
 g - a scroll of revelation {unknown}
 h - a scroll of poison {unknown}
 i - a scroll of teleportation {unknown}


   Skills:
 + Level 1.0 Fighting
 + Level 1.0 Short Blades
 + Level 1.0 Long Blades
 + Level 4.6 Axes
 + Level 1.0 Maces & Flails
 + Level 1.0 Polearms
 + Level 1.0 Staves
 + Level 1.0 Ranged Weapons
 + Level 2.7 Throwing
 + Level 6.6 Armour
 + Level 2.7 Dodging
 + Level 2.5 Stealth
 + Level 1.0 Shields
 + Level 1.0 Unarmed Combat
 + Level 2.9 Spellcasting
 + Level 0.8 Conjurations
 + Level 0.8 Hexes
 + Level 0.8 Summonings
 + Level 0.8 Necromancy
 + Level 0.8 Translocations
 + Level 2.2 Transmutations
 + Level 0.8 Fire Magic
 + Level 0.8 Ice Magic
 + Level 0.8 Air Magic
 + Level 0.8 Earth Magic
 + Level 0.8 Poison Magic
 + Level 1.1 Invocations
 + Level 1.0 Evocations
 + Level 1.0 Shapeshifting


You had 7 spell levels left.
You knew the following spells:

 Your Spells              Type           Power      Damage    Failure   Level
a - Sting                 Tmut/Pois      20%        1d4       41%         1

Your spell library contained the following spells:

 Spells                   Type           Power      Damage    Failure   Level
 Ignite Poison            Fire/Tmut/Pois 5%         N/A       83%         3
 Frozen Ramparts          Ice            8%         1d2       88%         3
 Petrify                  Tmut/Erth      5%         N/A       99%         4
 Metabolic Englaciation   Hex/Ice        2%         N/A       100%        5


Dungeon Overview and Level Annotations

Branches:
Dungeon (2/15)

Altars:


Innate Abilities, Weirdness & Mutations

You have very sharp teeth.
Your uncanny sense of smell can sniff out nearby items.
Your experience applies equally to all skills.


Message History

It was a potion of attraction.
You feel attractive to monsters.
A gnoll comes into view. It is wielding a +0 club.
The gnoll is attracted toward you.
It was a potion of heal wounds.
You feel much better.
The gnoll hits you with a +2 flail of protection.
The gnoll completely misses you. The gnoll barely misses you.
A goblin comes into view. It is wielding a +0 club.
The goblin is attracted toward you.
You hit the gnoll but do no damage. You hit the gnoll.
You hit the gnoll but do no damage.
The gnoll hits you with a +2 flail of protection!
The gnoll hits you but does no damage. The gnoll hits you with a +0 whip.
Unknown command.
Unknown command.
The gnoll barely misses you. The goblin hits you but does no damage.
The gnoll hits you with a +2 flail of protection!
* * * LOW HITPOINT WARNING * * *
The gnoll attacks as it pursues you! The gnoll barely misses you.
You feel much better. The goblin hits you with a +0 club.
The gnoll hits you with a +2 flail of protection.
The gnoll hits you with a +0 club.
You hit the gnoll.
The gnoll is moderately wounded.
You closely miss the goblin. You hit the gnoll but do no damage.
The goblin hits you with a +0 club.
The gnoll hits you with a +2 flail of protection.
The gnoll hits you with a +0 club.
* * * LOW HITPOINT WARNING * * *
The goblin attacks as it pursues you! The goblin barely misses you.
You miss the goblin. The goblin hits you but does no damage.
You hit the goblin.
You kill the goblin!
Your Shapeshifting skill increases to level 1!
Unknown command.
Unknown command.
You barely miss the gnoll.
The gnoll is moderately wounded.
The gnoll hits you with a +2 flail of protection!
You die...

#...............#
#.........>.....#
#...........)...#
#.....[.........####
##.............#....
#####................†..
...#..#####.#.....##...
#.#.#### #...######...
#.)gg@.# #...### #...
##..##.# #.....####..#
#.## ..###.......#.##
.... #........(....#.
##.... ####.......##..
...##. ##......#...
##..# #. #..........
..## .# #......#... .# #
###.####...


You could see 2 gnolls.

Vanquished Creatures
  2 adders (D:2)
  A dart slug (D:1)
  2 ball pythons (D:1)
  3 bats (D:2)
  3 endoplasms
  5 giant cockroaches (D:1)
  4 goblins
  A hobgoblin (D:1)
  2 jackals (D:1)
  4 kobolds
  5 frilled lizards (D:1)
  5 rats
37 creatures vanquished.

Notes
Turn   | Place    | Note
-------+----------+-------------------------------------------
     0 | D:1      | zazu2006 the Gnoll Wanderer began the quest for the Orb.
     0 | D:1      | zazu2006 set off with the following items: a +2 hand axe, a
                  | +0 scale mail, a scroll of fog; and the following spell
                  | memorised: Sting; and the following spells available to
                  | memorise: Ignite Poison.
     0 | D:1      | Reached XP level 1. HP: 13/13 MP: 4/4
   118 | D:1      | Reached XP level 2. HP: 16/19 MP: 5/5
   298 | D:1      | Found a faded altar of an unknown god.
   309 | D:1      | Reached XP level 3. HP: 25/25 MP: 7/7
   779 | D:2      | Reached skill level 1 in Invocations
   810 | D:2      | Reached skill level 1 in Fighting
   810 | D:2      | Reached skill level 1 in Short Blades
   810 | D:2      | Reached skill level 1 in Long Blades
   810 | D:2      | Reached skill level 1 in Maces & Flails
   810 | D:2      | Reached skill level 1 in Polearms
   810 | D:2      | Reached skill level 1 in Staves
   810 | D:2      | Reached skill level 1 in Ranged Weapons
   810 | D:2      | Reached skill level 1 in Shields
   810 | D:2      | Reached skill level 1 in Unarmed Combat
   810 | D:2      | Reached skill level 1 in Evocations
   821 | D:2      | Reached XP level 4. HP: 30/32 MP: 8/8
   875 | D:2      | Reached skill level 1 in Shapeshifting
   875 | D:2      | Slain by a gnoll

Illustrated notes

Levels and vault maps discovered:
D:1:      minmay_arrival_shattered_statue, layout_loops_cross,
          ebering_ecumenical_altar_mist, minmay_hexomino_p4
D:2:      layout_rooms, basic_altar

Skill      XL: |  1  2  3  4 |
---------------+-------------+-----
Transmutations | 2 |  2.2
Invocations    | 1 |  1.1
Fighting       | 1 |  1.0
Short Blades   | 1 |  1.0
Long Blades    | 1 |  1.0
Maces & Flails | 1 |  1.0
Polearms       | 1 |  1.0
Staves         | 1 |  1.0
Ranged Weapons | 1 |  1.0
Shields        | 1 |  1.0
Unarmed Combat | 1 |  1.0
Evocations     | 1 |  1.0
Shapeshifting  | 1 |  1.0
Axes           | |  4.6
Throwing       | |  2.7
Armour         | |  6.6
Dodging        | |  2.7
Stealth        | |  2.5
Spellcasting   | |  2.9
Conjurations   | |  0.8
Hexes          | |  0.8
Summonings     | |  0.8
Necromancy     | |  0.8
Translocations | |  0.8
Fire Magic     | |  0.8
Ice Magic      | |  0.8
Air Magic      | |  0.8
Earth Magic    | |  0.8
Poison Magic   | |  0.8

Action                     |  1- 3 |  4- 6 || total
---------------------------+-------+-------++-------
  Melee: Hand axe          |    92 |     7 ||    99
         Punch             |     2 |       ||     2
         Bite              |     2 |     1 ||     3
    Use: Potion            |       |     3 ||     3
 Armour: Scale mail        |    71 |    17 ||    88
  Dodge: Dodged            |    41 |     5 ||    46

Table legend: (Time is in decaauts)
 A = Elapsed time spent in this place.
 B = Non-inter-level travel time spent in this place.
 C = Inter-level travel time spent in this place.
 D = Time resting spent in this place.
 E = Time spent auto-exploring this place.
 F = Levels seen in this place.
 G = Mean time per level.
                   A        B        C        D        E       F      G
               +--------+--------+--------+--------+--------+-----+--------+
         Total |    882 |    860 |     22 |      0 |    645 |   2 |  441.0 |
       Dungeon |    882 |    860 |     22 |      0 |    645 |   2 |  441.0 |
               +--------+--------+--------+--------+--------+-----+--------+

Top non-repeatable levels by time:
     D:1: 722 daAuts
     D:2: 160 daAuts
